 Dungeon Crawl Stone Soup version 0.28.0-53-g5a82cb258f (webtiles) character file.

Game seed: 7532014053252551037

272 styxcanada the Covered (level 6, -2/53 HPs)
             Began as a Minotaur Fighter on June 8, 2022.
             Slain by Pikel
             ... wielding a +0 whip of flaming
              (3 damage)
             ... on level 4 of the Dungeon.
             The game lasted 00:08:22 (2857 turns).

styxcanada the Covered (Minotaur Fighter)           Turns: 2857, Time: 00:08:22

Health: -2/53      AC:  7    Str: 22    XL:     6   Next: 2%
Magic:  5/5        EV:  9    Int:  5    God:
Gold:   163        SH:  4    Dex: 10    Spells: 5/5 levels left

rFire   . . .      SeeInvis .   a - +0 war axe
rCold   . . .      Faith    .   c - +0 buckler
rNeg    . . .      Spirit   .   b - +0 scale mail
rPois   +          Reflect  .   (helmet restricted)
rElec   .          Harm     .   (no cloak)
rCorr   +          Rampage  .   (no gloves)
Will    .....                   (no boots)
Stlth   ..........              (no amulet)
HPRegen 0.17/turn               j - ring of resist corrosion
MPRegen 0.09/turn               l - ring of poison resistance

@: invisible
A: horns 2, retaliatory headbutt
a: no special abilities


You were on level 4 of the Dungeon.
You visited 1 branch of the dungeon, and saw 4 of its levels.

You collected 163 gold pieces.

Inventory:

Hand Weapons
 a - a +0 war axe (weapon)
Missiles
 m - 114 stones (quivered)
 p - 22 sling bullets
Armour
 b - a +0 scale mail (worn)
 c - a +0 buckler (worn)
Jewellery
 h - a +6 ring of intelligence
 j - a ring of resist corrosion (left hand)
 l - a ring of poison resistance (right hand)
Scrolls
 e - a scroll of holy word
 f - 2 scrolls of amnesia {unknown}
 g - 2 scrolls of identify {unknown}
 n - a scroll of enchant weapon {unknown}
 o - 2 scrolls of enchant armour {unknown}
 q - a scroll of blinking {unknown}
Potions
 d - a potion of might
 k - a potion of attraction {unknown}
 r - a potion of cancellation {unknown}


   Skills:
 * Level 4.6 Fighting
 + Level 4.1 Axes
 * Level 6.2 Armour
 + Level 0.9 Dodging
 + Level 4.2 Shields


You had 5 spell levels left.
You didn't know any spells.
Your spell library contained the following spells:

 Spells                   Type           Power      Damage    Failure   Level
 Borgnjor's Revivificati  Necr           0%         N/A       100%        8
 Necromutation            Tmut/Necr      0%         N/A       100%        8
 Death's Door             Necr           0%         N/A       100%        9


Dungeon Overview and Level Annotations

Branches:
Dungeon (4/15)
 Temple: D:4-7

Altars:

Annotations:
D:4 Pikel


Innate Abilities, Weirdness & Mutations

You have a pair of horns on your head.
You reflexively headbutt those who attack you in melee.


Message History

Level annotation: Pikel Pikel says, "Hell isn't that bad."
Pikel hits you but does no damage.
A scorpion comes into view.
The lemure closely misses you. Pikel closely misses you.
There is a stone staircase leading up here.
Pikel hits you with a +0 whip of flaming.
Pikel burns you.
Things that are here:
a +0 robe; a +0 dagger; an orc skeleton Pikel waves his whip at you.
An ogre comes into view. It is wielding a +0 giant spiked club.
You hit the ogre. You headbutt the ogre.
The ogre is moderately wounded.
You hit the lemure.
The ogre hits you with a +0 giant spiked club!!
The ogre hits you with a +0 giant spiked club!
* * * LOW HITPOINT WARNING * * *
The ogre falls through a shaft!
The shaft crumbles and collapses.
Okay, then.
As you read the scroll labelled DOMEPS USIASI, it crumbles to dust.
You speak a Word of immense power!
The lemure convulses!
You kill the lemure!
That felt strangely unrewarding.
It was a scroll of holy word.
It was a potion of invisibility.
You fade into invisibility!
Pikel hits you but does no damage.
You hit Pikel.
Pikel is lightly wounded.
Pikel hits you with a +0 whip of flaming.
* * * LOW HITPOINT WARNING * * *
Pikel burns you.
* * * LOW HITPOINT WARNING * * *
You block Pikel's attack.
You closely miss Pikel.
Pikel is lightly wounded.
Pikel hits you with a +0 whip of flaming!
* * * LOW HITPOINT WARNING * * *
Pikel burns you.
You die...

##..#.#.######
.... #.# #..# #.#
#..# #.###
#..###...#
#.....##.#
#.###.##.# #######
#.###.##.##.......
#........K@.#
#####.##.####
#.##.# #.##.#
#.##.# #.##.#
#..... ####..


You could see Pikel.

Vanquished Creatures
  A lemure (D:4)
  2 hounds
  An orc priest (D:4)
  2 orc wizards (D:4)
  A hound skeleton (D:4)
  6 adders
  2 dart slugs (D:3)
  3 bats
  8 endoplasms
  5 hobgoblins
  3 jackals (D:3)
  9 kobolds
  2 quokkas (D:1)
  5 ball pythons
  3 frilled lizards
  7 goblins
  8 rats
68 creatures vanquished.

Vanquished Creatures (others)
  4 plants (D:3)
4 creatures vanquished.

Grand Total: 72 creatures vanquished

Notes
Turn   | Place    | Note
-------+----------+-------------------------------------------
     0 | D:1      | styxcanada the Minotaur Fighter began the quest for the
                  | Orb.
     0 | D:1      | Reached XP level 1. HP: 19/19 MP: 0/0
    59 | D:1      | Reached skill level 4 in Armour
    92 | D:1      | Reached XP level 2. HP: 25/27 MP: 1/1
   215 | D:1      | Found a faded altar of an unknown god.
   893 | D:2      | Reached skill level 5 in Armour
   893 | D:2      | Reached XP level 3. HP: 29/33 MP: 2/2
  1323 | D:2      | You fall into a shaft and drop 1 floor!
  1397 | D:3      | Reached XP level 4. HP: 34/40 MP: 3/3
  2553 | D:4      | Reached XP level 5. HP: 35/47 MP: 4/4
  2557 | D:4      | Reached skill level 6 in Armour
  2580 | D:4      | Noticed a lemure
  2580 | D:4      | Noticed Pikel
  2596 | D:3      | Reached XP level 6. HP: 13/53 MP: 5/5
  2857 | D:4      | HP: 1/53 [Pikel/+0 whip of flaming (9)]
  2857 | D:4      | Slain by Pikel

Illustrated notes

Levels and vault maps discovered:
D:1:      minmay_arrival_glassed_features, layout_loops_ring,
          chequers_ecumenical_altar_simple
D:2:      layout_basic
D:3:      layout_loops_cross, lexackson_kobold_supper
D:4:      layout_loops_ring, mainiacjoe_overflow_alcove_2, uniq_pikel

Skill      XL: |  1  2  3  4  5 |
---------------+----------------+-----
Armour         | 4 5 6 |  6.2
Fighting       | 4 |  4.6
Shields        | 4 |  4.2
Axes           | 3 4 |  4.1
Dodging        | |  0.9

Action                   |  1- 3 |  4- 6 || total
-------------------------+-------+-------++-------
Melee: War axe           |    51 |    90 ||   141
       Headbutt          |     9 |    12 ||    21
  Use: Scroll            |       |     1 ||     1
       Potion            |       |     1 ||     1
Armor: Scale mail        |    20 |    43 ||    63
Dodge: Dodged            |    29 |    43 ||    72
Block: Buckler           |     9 |    26 ||    35
